 Dungeon Crawl Stone Soup version 0.27.1 (webtiles) character file.

Game seed: 10941574844282018751

273 ZARRMARR the Chiller (level 6, -3/42 HPs)
             Began as a Merfolk Ice Elementalist on Aug 28, 2021.
             Slain by an ufetubus (4 damage)
             ... on level 5 of the Dungeon.
             The game lasted 00:15:14 (3837 turns).

ZARRMARR the Chiller (Merfolk Ice Elementalist)     Turns: 3837, Time: 00:15:14

Health: -3/42      AC:  2    Str:  8    XL:     6   Next: 23%
Magic:  21/21      EV: 13    Int: 16    God:
Gold:   166        SH:  0    Dex: 15    Spells: 12/13 levels left

rFire    + . .     SeeInvis .   (no weapon)
rCold    + . .     Faith    .   (no shield)
rNeg     . . .     Spirit   .   a - +0 robe
rPois    +         Reflect  .   (no helmet)
rElec    +         Harm     .   (no cloak)
rCorr    +         Rampage  .   (no gloves)
Will     .....                  (no boots)
Stlth    ++........             (no amulet)
HPRegen  0.14/turn              j - ring of magical power
MPRegen  0.17/turn              (no ring)

@: brilliant, resistant, invisible
A: (nimble swimmer 2), mertail
a: no special abilities


You were on level 5 of the Dungeon.
You visited 1 branch of the dungeon, and saw 5 of its levels.

You collected 166 gold pieces.

Inventory:

Missiles
 g - a poisoned dart (quivered)
Armour
 a - a +0 robe (worn)
Jewellery
 j - a ring of magical power (left hand)
Wands
 f - a wand of mindburst (16)
 m - a wand of polymorph (3)
Scrolls
 b - 2 scrolls of teleportation
 h - a scroll of magic mapping
 i - a scroll of blinking {unknown}
 l - a scroll of amnesia
Potions
 c - a potion of attraction


   Skills:
 + Level 0.8 Fighting
 + Level 3.4 Dodging
 - Level 2.1 Stealth
 + Level 4.2 Spellcasting
 - Level 6.2 Ice Magic


You had 12 spell levels left.
You knew the following spells:

 Your Spells              Type           Power      Damage    Failure   Level
a - Freeze                Ice            100%       1d11      1%          1

Your spell library contained the following spells:

 Spells                   Type           Power      Damage    Failure   Level
 Frozen Ramparts          Ice            68%        1d8       3%          3
 Ozocubu's Armour         Ice            34%        N/A       3%          3
 Magic Dart               Conj           20%        1d4       17%         1
 Call Imp                 Summ           5%         N/A       26%         2
 Slow                     Hex            5%         N/A       26%         2
 Hailstorm                Conj/Ice       19%        3d6       43%         4
 Confusing Touch          Hex            5%         N/A       45%         3
 Mephitic Cloud           Conj/Pois/Air  5%         N/A       45%         3
 Vampiric Draining        Necr           2%         2d6       45%         3


Dungeon Overview and Level Annotations

Branches:
Dungeon (5/15)
 Temple: D:4-7

Altars:

Shops:
D:2 :

Annotations:
D:4 Sigmund


Innate Abilities, Weirdness & Mutations

((You are quick and stealthy near water. (Stealth+, EV+, Speed+++)))
Your lower body shifts to a powerful aquatic tail in water.


Message History

You climb upwards.
Level annotation: Sigmund The ufetubus hits you.
The ufetubus barely misses you. The ufetubus hits you. x2
There is a stone staircase leading down, spattered with blood here.
The ufetubus barely misses you. x2
You climb downwards.
There is a stone staircase leading up here.
You hit the ufetubus but do no damage. The ufetubus hits you.
The ufetubus hits you but does no damage.
The ufetubus closely misses you. x2
You hit the ufetubus but do no damage. The ufetubus hits you.
The ufetubus misses you.
You hit the ufetubus but do no damage. The ufetubus misses you.
The ufetubus hits you. The ufetubus barely misses you.
The ufetubus closely misses you.
You barely miss the ufetubus. The ufetubus hits you.
The ufetubus completely misses you.
You closely miss the ufetubus. The ufetubus hits you.
The ufetubus completely misses you. The ufetubus barely misses you. x2
You closely miss the ufetubus.
The ufetubus hits you but does no damage.
The ufetubus barely misses you.
You hit the ufetubus but do no damage. The ufetubus misses you.
The ufetubus hits you. The ufetubus misses you. The ufetubus hits you.
* * * LOW HITPOINT WARNING * * *
It was a potion of resistance.
You feel protected. The ufetubus misses you. The ufetubus barely misses you.
It was a potion of brilliance.
You feel clever all of a sudden. The ufetubus hits you.
* * * LOW HITPOINT WARNING * * *
The ufetubus hits you.
* * * LOW HITPOINT WARNING * * *
The ufetubus completely misses you. The ufetubus hits you.
* * * LOW HITPOINT WARNING * * *
It was a potion of invisibility.
You fade into invisibility!
The ufetubus hits you.
You die...

##### #...#
#...####
#..@...#
.....?5.?......
###.######.##.#
#. # #


You could see an ufetubus.

Vanquished Creatures
  A scorpion (D:4)
  Jessica (D:3)
  Ijyb (D:3)
  An iguana (D:5)
  A hound skeleton (D:3)
  5 adders
  A worm (D:3)
  4 dart slugs
  An orc (D:4)
  6 bats
  2 endoplasms
  A giant cockroach (D:2)
  8 hobgoblins
  5 jackals
  6 kobolds
  6 quokkas
  6 ball pythons
  3 frilled lizards
  4 goblins
  12 rats
75 creatures vanquished.

Notes
Turn   | Place    | Note
-------+----------+-------------------------------------------
     0 | D:1      | ZARRMARR the Merfolk Ice Elementalist began the quest for
                  | the Orb.
     0 | D:1      | Reached XP level 1. HP: 13/13 MP: 3/3
   204 | D:1      | Reached XP level 2. HP: 14/19 MP: 3/5
   398 | D:1      | Reached skill level 5 in Ice Magic
   540 | D:1      | Reached XP level 3. HP: 25/25 MP: 4/6
  1027 | D:2      | Found Cuopluci's Book Shoppe.
  1680 | D:2      | Reached XP level 4. HP: 31/31 MP: 5/7
  2504 | D:3      | Noticed Jessica
  2514 | D:3      | Killed Jessica
  2515 | D:3      | Reached skill level 6 in Ice Magic
  2515 | D:3      | Reached XP level 5. HP: 32/36 MP: 5/9
  2657 | D:3      | Noticed Ijyb
  2665 | D:3      | Killed Ijyb
  2808 | D:3      | Found a faded altar of an unknown god.
  3253 | D:4      | Reached XP level 6. HP: 41/42 MP: 11/11
  3376 | D:4      | Noticed Sigmund
  3677 | D:5      | Entered Level 5 of the Dungeon
  3836 | D:5      | HP: 1/42 [ufetubus (2)]
  3837 | D:5      | Slain by an ufetubus

Illustrated notes

Levels and vault maps discovered:
D:1:      sevenhm_arrival_forest_fort_small_4, layout_rooms,
          corexii_item_surrounded_by_moat
D:2:      layout_rooms, serial_shops, shop_fountains, hangedman_decor_points,
          minmay_rat_gold_closets
D:3:      layout_loops_ring, chequers_ecumenical_altar_grove, uniq_jessica,
          uniq_ijyb
D:4:      layout_loops_corners, minmay_box_of_dots, uniq_pikel, uniq_sigmund,
          uniq_menkaure
D:5:      layout_basic, grunt_ministairs_1

Skill      XL: |  1  2  3  4  5  6 |
---------------+-------------------+-----
Ice Magic      | 5 6 |  6.2
Dodging        | 3 |  3.4
Spellcasting   | 3 4 |  4.2
Fighting       | |  0.8
Stealth        | |  2.1

Action                   |  1- 3 |  4- 6 || total
-------------------------+-------+-------++-------
Melee: Unarmed           |     8 |    57 ||    65
Throw: Dart              |       |     8 ||     8
 Cast: Freeze            |    65 |    60 ||   125
  Use: Scroll            |     3 |     4 ||     7
       Potion            |       |     3 ||     3
 Stab: Sleeping          |     1 |     1 ||     2
Armor: Robe              |    13 |    12 ||    25
Dodge: Dodged            |    38 |    89 ||   127
